 Dungeon Crawl Stone Soup version 0.28.0 (webtiles) character file.

Game seed: 2098468173656922809

11903 sanka the Nimble (level 11, -15/89 HPs)
             Began as a Vampire Fire Elementalist on Feb 10, 2022.
             Was a Believer of Vehumet.
             Shot with a bolt by an orc knight (27 damage)
             ... on level 10 of the Dungeon.
             The game lasted 00:43:15 (16439 turns).

sanka the Nimble (Vampire Fire Elementalist)       Turns: 16439, Time: 00:43:15

Health: -15/89     AC:  5    Str:  7    XL:     11   Next: 55%
Magic:  23/23      EV: 19    Int: 23    God:    Vehumet [**....]
Gold:   492        SH:  0    Dex: 16    Spells: 21/26 levels left

rFire   + + .      SeeInvis +   f - +1 short sword (drain)
rCold   x . .      Faith    .   (no shield)
rNeg    . . .      Spirit   .   h - +2 robe of the Maze {rC+ Int+2}
rPois   .          Reflect  .   (no helmet)
rElec   .          Harm     .   b - +0 cloak
rCorr   .          Rampage  .   (no gloves)
Will    +....                   (no boots)
Stlth   ++........              (no amulet)
HPRegen 0.44/turn               g - ring of fire
MPRegen 0.18/turn               A - ring of fire

@: healing quickly, studying Slings
A: alive, fangs 3, see invisible, vampiric 2
a: Exsanguinate, Renounce Religion


You were on level 10 of the Dungeon.
You worshipped Vehumet.
Vehumet was pleased with you.
You visited 2 branches of the dungeon, and saw 11 of its levels.
You also visited: Sewer, Ossuary and Bailey.

You collected 492 gold pieces.

Inventory:

Hand Weapons
 f - a +1 short sword of draining (weapon)
 i - a +0 battleaxe
 P - a +3 morningstar
Missiles
 t - 2 curare-tipped darts
Armour
 b - a +0 cloak (worn)
 h - the +2 robe of the Maze (worn) {rC+ Int+2}
   (You found it on level 2 of the Dungeon)

   Int:       It affects your intelligence (+2).
   rC:        It protects you from cold.
Jewellery
 c - a +6 ring of dexterity
 g - a ring of fire (left hand)
 p - a ring of flight
 y - a ring of protection from cold
 A - a ring of fire (right hand)
 D - a ring of willpower
 H - a +6 ring of intelligence
 O - a ring of magical power
Wands
 a - a wand of paralysis (9)
 r - a wand of digging (1)
 C - a wand of iceblast (17)
 J - a wand of acid (7)
Scrolls
 e - a scroll of immolation
 j - 3 scrolls of fog
 k - a scroll of fear
 l - a scroll of amnesia
 m - 2 scrolls of noise
 n - a scroll of magic mapping
 s - a scroll of teleportation
 u - a scroll of blinking
 x - a scroll of enchant weapon
 K - a scroll of silence
 N - a scroll of vulnerability
Potions
 d - a potion of might {unknown}
 o - a potion of lignification
 q - a potion of brilliance
 v - a potion of cancellation {unknown}
 w - a potion of mutation {unknown}
 z - a potion of resistance {unknown}
 B - 4 potions of attraction
 E - 3 potions of flight
 F - 2 potions of haste {unknown}
 G - 3 potions of heal wounds {unknown}
 I - a potion of invisibility {unknown}
 L - a potion of berserk rage {unknown}
 M - a potion of degeneration {unknown}


   Skills:
 + Level 9.1 Fighting
 + Level 13.3 Dodging
 - Level 3.0 Stealth
 - Level 8.0 Spellcasting
 - Level 3.0 Conjurations
 - Level 4.0 Fire Magic


You had 21 spell levels left.
You knew the following spells:

 Your Spells              Type           Power      Damage    Failure   Level
a - Foxfire               Conj/Fire      100%       2x1d9     1%          1
b - Scorch                Fire           100%       2d10      1%          2
c - Poisonous Vapours     Pois/Air       18%        N/A       11%         2

Your spell library contained the following spells:

 Spells                   Type           Power      Damage    Failure   Level
 Shock                    Conj/Air       64%        1d7       3%          1
 Conjure Flame            Conj/Fire      54%        6-21      4%          3
 Inner Flame              Hex/Fire       41%        N/A       9%          3
 Flame Wave               Conj/Fire      54%        2d11      16%         4
 Gell's Gravitas          Tloc           9%         N/A       21%         3
 Swiftness                Air            9%         N/A       21%         3
 Teleport Other           Tloc           9%         N/A       21%         3
 Tukima's Dance           Hex            9%         N/A       21%         3
 Airstrike                Air            4%         N/A       56%         4
 Passage of Golubria      Tloc           9%         N/A       56%         4
 Yara's Violent Unravell  Hex/Tmut       4%         3d4       88%         5
 Dispersal                Tloc           4%         N/A       100%        6


Dungeon Overview and Level Annotations

Branches:
Dungeon (10/15)            Temple (1/1) D:7            Lair (0/6) D:8
  Sewer (visited)         Ossuary (visited)          Bailey (visited)
    Orc: D:9-12

Altars:
Ashenzari
Hepliaklqana
Nemelex Xobeh
Qazlal
Ru
Sif Muna
Uskayaw
Vehumet
Xom
Zin
The Shining One

Shops:
D:3 !   D:6 !

Annotations:
D:9 3 runed translucent doors, 1 transporter, robertstho's ghost, novice DjFE


Innate Abilities, Weirdness & Mutations

Your natural rate of healing is accelerated.
You have razor-sharp teeth.
You have supernaturally acute eyesight. (SInv)
You are afflicted with vampirism and can become a bat while bloodless.


Message History

Confirm with . or Enter, or press ? or * to list all spells.
You feel a strong surge of power!
You conjure some foxfire!
The foxfire hits the orc knight but does no damage.
The orc knight is lightly wounded.
The orc knight shoots a bolt.
The bolt hits you.
Your foxfire dissipates!
Casting: Foxfire (safe; 1% risk of failure)
Confirm with . or Enter, or press ? or * to list all spells.
You feel a strong surge of power!
You conjure some foxfire!
The orc knight shoots a bolt.
The bolt hits you!
Things that are here:
a +0 leather armour; a +0 hand axe; an orc skeleton
Casting: Foxfire (safe; 1% risk of failure)
Confirm with . or Enter, or press ? or * to list all spells.
You feel a strong surge of power!
You conjure some foxfire!
The foxfire hits the orc knight.
The orc knight is lightly wounded.
The foxfire hits the orc knight.
The orc knight is lightly wounded.
The orc knight curses noisily, as Orcs often do.
The orc knight shoots a bolt.
The bolt hits you!!
Your foxfire dissipates!
Aiming: Iceblast
Press: ? - help, Shift-Dir - straight line, f - you, p - orc knight
Okay, then.
Something unseen opens the door.
Items here: ))) [[[ ÷÷.
Things that are here:
a +0 club; an orc skeleton
Things that are here:
a +0 ring mail; a +0 flail; an orc skeleton
Things that are here:
a +0 dagger; a +0 robe The orc knight shoots a bolt.
The bolt hits you!
The orc knight shoots a bolt.
The bolt completely misses you.
The orc knight shoots a bolt.
The bolt hits you!!!
* * * LOW HITPOINT WARNING * * *
You hear a shout!
The orc knight shoots a bolt.
The bolt hits you!!
You die...

#..≈≈.#...........
#..≈≈##...........
#..o[..[....(...8.
.#####.[≈≈##))...§.....
........≈≈.#...........
.......)≈≈))##################
........≈8≈≈≈≈≈≈≈≈≈≈≈≈≈≈≈≈≈≈≈≈
.(..$...8≈≈≈≈≈≈≈≈≈≈≈≈≈≈≈≈≈≈≈≈≈
..####.......@................
.. #..#................#...#
#..#................#...#
+..#................#.<.#
#..#....###.........#...#
#..#....# ########..#...#
#..#....# #..#...# #..#.>..#
.[.#...# ######


You could see an orc knight.

Vanquished Creatures
  A boulder beetle (D:6)
  2 two-headed ogres
  Pikel (D:8)
  An unseen horror (D:6)
  A hornet (D:9)
  A troll (D:6)
  Prince Ribbit (D:6)
  A shadow (D:6)
  A vampire (D:10)
  10 yaks
  A wraith (D:7)
  A basilisk (D:8)
  3 wyverns
  A vampire mosquito (D:6)
  A steam dragon (D:8)
  A water moccasin (D:9)
  An ice beast (D:6)
  A black bear (D:8)
  5 orc warriors
  A necrophage (D:5)
  5 ogres
  6 centaurs
  2 phantoms (D:5)
  4 lemures
  6 kobold brigands
  A gnoll sergeant (D:8)
  A bullfrog (D:4)
  3 scorpions
  A wyvern zombie (Ossuary)
  2 water moccasin zombies
  A wyvern skeleton (D:7)
  5 killer bees (D:9)
  8 wights
  7 electric eels
  5 howler monkeys
  6 centaur zombies
  4 bullfrog zombies (Ossuary)
  A jelly (D:5)
  4 orc priests
  A bullfrog skeleton (D:5)
  A gnoll shaman (D:9)
  2 hounds
  A centaur skeleton (D:5)
  13 mummies (Ossuary)
  2 iguanas
  A scorpion zombie (D:3)
  5 orc wizards
  5 killer bee zombies (Ossuary)
  A hound zombie (D:5)
  5 howler monkey zombies
  14 gnolls
  12 adders
  8 river rats
  2 ufetubi
  4 worms
  3 dart slugs
  24 orcs
  4 bats
  10 endoplasms
  3 giant cockroaches
  14 goblins
  11 hobgoblins
  9 jackals
  18 kobolds
  A quokka (D:1)
  6 ball pythons
  5 frilled lizards
  9 rats
302 creatures vanquished.

Vanquished Creatures (collateral kills)
  4 foxfires (Sewer)
4 creatures vanquished.

Vanquished Creatures (others)
  877 foxfires
  17 plants
  6 withered plants (Ossuary)
900 creatures vanquished.

Grand Total: 1206 creatures vanquished

Notes
Turn   | Place    | Note
-------+----------+-------------------------------------------
     0 | D:1      | sanka the Vampire Fire Elementalist began the quest for the
                  | Orb.
     0 | D:1      | Reached XP level 1. HP: 13/13 MP: 3/3
   220 | D:1      | Reached skill level 1 in Conjurations
   434 | D:1      | Reached XP level 2. HP: 19/19 MP: 1/5
   511 | D:1      | Learned a level 2 spell: Scorch
   540 | D:1      | Found a faded altar of an unknown god.
  1088 | D:1      | Gained mutation: You are afflicted with vampirism and can
                  | become a bat while bloodless. [Vampire growth]
  1088 | D:1      | Reached XP level 3. HP: 24/24 MP: 3/6
  1678 | D:2      | Identified the +2 robe of the Maze {rC+ Int+2}
  1708 | D:2      | Noticed an ogre
  1715 | D:2      | Killed an ogre
  1716 | D:2      | Reached XP level 4. HP: 30/30 MP: 1/7
  2487 | D:2      | Reached XP level 5. HP: 35/35 MP: 8/8
  2958 | D:3      | Found Mumiz's Distillery.
  3551 | D:4      | Noticed an ogre
  3566 | D:4      | Killed an ogre
  3567 | D:4      | Reached skill level 1 in Fighting
  3567 | D:4      | Reached skill level 3 in Dodging
  3567 | D:4      | Reached XP level 6. HP: 43/43 MP: 0/9
  3689 | D:4      | Found a glowing drain.
  3736 | Sewer    | Entered a sewer
  4055 | Sewer    | Reached XP level 7. HP: 51/51 MP: 3/12
  4186 | Sewer    | Reached skill level 4 in Dodging
  5379 | D:4      | Reached skill level 5 in Dodging
  5559 | D:4      | Reached XP level 8. HP: 60/60 MP: 9/14
  5944 | D:5      | Entered Level 5 of the Dungeon
  6256 | D:5      | Reached skill level 6 in Dodging
  6436 | D:5      | Reached skill level 5 in Fighting
  6612 | D:5      | Found a hazy altar of Hepliaklqana.
  6654 | D:5      | Reached skill level 7 in Dodging
  7364 | D:6      | Reached skill level 8 in Dodging
  7459 | D:6      | Noticed Prince Ribbit
  7554 | D:6      | Found Keig's Distillery.
  7572 | D:6      | Reached XP level 9. HP: 60/68 MP: 6/15
  7909 | D:6      | Killed Prince Ribbit
  7910 | D:6      | Reached skill level 9 in Dodging
  8298 | D:6      | Noticed an unseen horror
  8301 | D:6      | Killed an unseen horror
  8302 | D:6      | Reached skill level 10 in Dodging
  8450 | D:6      | Identified the +2 leather armour of the Insatiable Eyes
                  | {rN++}
  8836 | D:6      | Noticed a troll
  8844 | D:6      | Killed a troll
  8903 | D:6      | Noticed a boulder beetle
  8961 | D:6      | Killed a boulder beetle
  8962 | D:6      | Reached skill level 11 in Dodging
  8962 | D:6      | Reached skill level 5 in Spellcasting
  8962 | D:6      | Reached XP level 10. HP: 19/77 MP: 13/17
  9264 | D:7      | Found a shimmering blue altar of Sif Muna.
  9264 | D:7      | Found a hide-covered altar of Uskayaw.
  9371 | D:7      | Found a sand-covered staircase.
  9480 | Ossuary  | Entered an ossuary
 10469 | D:7      | Found a staircase to the Ecumenical Temple.
 10548 | Temple   | Entered the Ecumenical Temple
 10570 | Temple   | Became a worshipper of Vehumet
 11289 | D:7      | Reached skill level 12 in Dodging
 11450 | D:8      | Found a flagged portal.
 11487 | Bailey   | Entered a bailey
 11613 | Bailey   | Noticed an orc knight
 11623 | Bailey   | Reached * piety under Vehumet
 11623 | Bailey   | Offered knowledge of Magic Dart by Vehumet.
 12236 | D:8      | Found a staircase to the Lair.
 12247 | D:8      | Noticed a two-headed ogre
 12829 | D:8      | Noticed Pikel
 12843 | D:8      | Killed Pikel
 12844 | D:8      | Reached XP level 11. HP: 86/86 MP: 2/21
 13280 | D:9      | Found a runed translucent gate.
 13281 | D:9      | Found a runed translucent gate.
 13282 | D:9      | Found a runed translucent gate.
 13284 | D:9      | Noticed robertstho's ghost (novice DjFE)
 13394 | D:9      | Found a shimmering altar of Xom.
 13862 | D:9      | Found a sparkling altar of Nemelex Xobeh.
 13862 | D:9      | Found a transporter.
 13862 | D:9      | Noticed a flayed ghost
 13863 | D:9      | Noticed a green ugly thing
 13921 | D:9      | Offered knowledge of Poisonous Vapours by Vehumet.
 14038 | D:9      | Learned a level 2 spell: Poisonous Vapours
 14142 | D:9      | Noticed a two-headed ogre
 14449 | D:8      | Reached ** piety under Vehumet
 14609 | D:7      | Killed a two-headed ogre
 14950 | D:9      | HP: 4/87 [poisoned by a hornet]
 15152 | D:9      | Reached skill level 13 in Dodging
 15381 | D:9      | Killed a two-headed ogre
 15671 | D:10     | Entered Level 10 of the Dungeon
 16216 | D:10     | Noticed an orc knight
 16439 | D:10     | Shot with a bolt by an orc knight

Illustrated notes

Levels and vault maps discovered:
D:1:      lemuel_arrival_river_ford, layout_loops_corners,
          dreamdust_ecumenical_altar_angels_and_demons
D:2:      layout_basic
D:3:      layout_rooms, serial_shops, shop, st_stairs_6
D:4:      layout_loops_corners, lightli_sewer_entry_pipes,
          hangedman_decor_peaks_small
D:5:      layout_loops_cross, lemuel_tele_altar, minmay_misc_feat_columns
D:6:      cheibrodos_two_vegetables, layout_loops_ring, serial_shops,
          nicolae_shop_crystal, minmay_manual_mullet, uniq_prince_ribbit1
D:7:      layout_basic, overflow_temple_1_default,
          gammafunk_temple_overflow_pools, minmay_temple_entry_glass,
          lightli_ossuary_entry_decrepit_ruins
D:8:      layout_rooms, david_lair_generic, enter_bailey_3, uniq_pikel
D:9:      layout_small_grid, grunt_nemelex_the_gamble,
          overflow_temple_1_default, gammafunk_ghost_spectres
D:10:     layout_irregular_city, erik_orc_2, serial_column_ruins,
          column_ruins_hut_water, column_ruins_hut_ruined, column_ruins_grid_4,
          column_ruins_open_tiny, column_ruins_grid_2, column_ruins_open_medium,
          uniq_maurice
Temple:   nicolae_temple_elliptical

Skill      XL: |  1  2  3  4  5  6  7  8  9 10 11 |
---------------+----------------------------------+-----
Conjurations   | 1 2 3 |  3.0
Fire Magic     | 3 4 |  4.0
Fighting       | 1 2 4 5 6 8 9 |  9.1
Dodging        | 3 5 8 11 12 13 | 13.3
Spellcasting   | 3 4 5 7 8 |  8.0
Stealth        | |  3.0

Action                   |  1- 3 |  4- 6 |  7- 9 | 10-12 || total
-------------------------+-------+-------+-------+-------++-------
Melee: Unarmed           |     8 |       |     9 |       ||    17
       Bite              |     3 |     6 |     5 |     8 ||    22
       Short sword       |     8 |    92 |    45 |    30 ||   175
       Punch             |       |     1 |       |     1 ||     2
       Battleaxe         |       |       |       |    49 ||    49
 Cast: Foxfire           |    48 |    62 |   138 |   280 ||   528
       Scorch            |       |    10 |    84 |   171 ||   265
       Poisonous Vapours |       |       |       |    14 ||    14
Evoke: Wand              |       |       |       |     6 ||     6
  Use: Potion            |       |       |     6 |     4 ||    10
       Scroll            |       |       |       |    17 ||    17
 Stab: Sleeping          |     1 |     4 |     1 |       ||     6
       Distracted        |       |       |       |     1 ||     1
Armor: Robe              |    10 |    21 |    34 |    55 ||   120
       Skin              |       |       |    33 |     6 ||    39
Dodge: Dodged            |    18 |    66 |   109 |   323 ||   516
